 Dungeon Crawl Stone Soup version 0.19.5 (webtiles) character file.

235 Qew7 the Insei (level 5, 0/41 HPs)
             Began as a Demonspawn Monk on Apr 7, 2017.
             Succumbed to Sanvar's ghost's poison
             ... on level 3 of the Dungeon.
             The game lasted 00:13:51 (5319 turns).

Qew7 the Insei (Demonspawn Monk)                    Turns: 5319, Time: 00:13:52

Health: 0/41       AC:  5    Str: 11      XL:     5   Next: 76%
Magic:  5/5        EV: 14    Int: 12      God:
Gold:   153        SH:  0    Dex: 17 (19) Spells: 0 memorised, 4 levels left

rFire  . . .     SeeInvis .       - Unarmed
rCold  . . .     Gourm    .     a - +1 robe
rNeg   . . .     Faith    .     (no shield)
rPois  +         Spirit   .     (helmet restricted)
rElec  .         Reflect  .     (no cloak)
rCorr  .         Harm     .     l - +1 pair of gloves
MR     .....                    (no boots)
Stlth  ++++......               (no amulet)
                                d - ring of poison resistance
                                g - +3 ring of dexterity

@: lethally poisoned (0 -> -5)
A: horns 1, nightstalker 2
a: no special abilities


You were on level 3 of the Dungeon.
You were not hungry.

You visited 1 branch of the dungeon, and saw 4 of its levels.

You collected 153 gold pieces.

Inventory:

Missiles
 c - 21 poisoned needles
Armour
 a - a +1 robe (worn)
 l - a +1 pair of gloves (worn)
 p - a cursed +0 helmet
Jewellery
 d - a ring of poison resistance (right hand)
 e - an uncursed ring of teleportation
 g - a +3 ring of dexterity (left hand)
 i - an uncursed ring of fire
Scrolls
 b - a scroll of remove curse
Potions
 k - a potion of brilliance
Comestibles
 h - a meat ration
 o - a beef jerky


   Skills:
 + Level 3.4 Fighting
 + Level 3.8 Dodging
 + Level 3.0 Stealth
 + Level 4.4 Unarmed Combat


You had 4 spell levels left.
You didn't know any spells.

Dungeon Overview and Level Annotations

Branches:
Dungeon (4/15)
 Temple: D:4-7

Altars:
Cheibriados
Elyvilon
Trog

Annotations:
D:4 Sanvar's ghost, amateur HaHu


Innate Abilities, Weirdness & Mutations

You have a pair of small horns on your head.
You are significantly more attuned to the shadows.


Message History

You feel sick.
* * * LOW HITPOINT WARNING * * *
You feel sick.
* * * LOW HITPOINT WARNING * * *
You feel sick.
* * * LOW HITPOINT WARNING * * *
You feel sick.
* * * LOW HITPOINT WARNING * * *
You feel sick.
* * * LOW HITPOINT WARNING * * *
You feel sick.
* * * LOW HITPOINT WARNING * * *
You feel sick.
* * * LOW HITPOINT WARNING * * *
You feel sick.
* * * LOW HITPOINT WARNING * * *
You feel sick.
* * * LOW HITPOINT WARNING * * *
You feel sick.
You die...

...##########.#..######
#.#.# #.# ...# ####....#
#.#.# #.# ...# #.......#
######.#.# #.# ...#
#.......# #......#.###.#
...# #.......#
#.######.....# ...#
#.......# #.############
...# #.......#
#.#)))÷...##.. ####
#.......###.#)#####.##..
#......@....#.÷.# #.##.#
#......########.###.<...
######............####.#
#########.......#.#
####....#.. ########


There were no monsters in sight!

Vanquished Creatures
  2 orc priests (D:3)
  A worker ant (D:4)
  Robin (D:3)
  5 adders
  A worm (D:2)
  A dart slug (D:3)
  2 leopard geckos (D:3)
  9 orcs (D:3)
  6 bats
  7 giant cockroaches
  14 goblins
  10 hobgoblins
  3 jackals (D:2)
  2 quokkas (D:3)
  3 frilled lizards
  3 kobolds
  6 rats
76 creatures vanquished.

Vanquished Creatures (others)
  An orc (D:3)
  A frilled lizard (D:3)
  A kobold (D:3)
3 creatures vanquished.

Grand Total: 79 creatures vanquished

Notes
Turn   | Place    | Note
-------+----------+-------------------------------------------
     0 | D:1      | Qew7 the Demonspawn Monk began the quest for the Orb.
     0 | D:1      | Reached XP level 1. HP: 18/18 MP: 1/1
     2 | D:1      | Noticed a felid
     2 | D:1      | Noticed a spriggan
     4 | D:1      | Noticed a merfolk
     4 | D:1      | Noticed a troll
     6 | D:1      | Noticed an elf
     6 | D:1      | Noticed a centaur
     8 | D:1      | Noticed a vampire
     8 | D:1      | Noticed a tengu
    10 | D:1      | Noticed a naga
    12 | D:1      | Noticed a draconian
    12 | D:1      | Noticed a gargoyle
    14 | D:1      | Noticed a demigod
    16 | D:1      | Noticed a vine stalker
    16 | D:1      | Noticed a minotaur
    18 | D:1      | Noticed a halfling
    18 | D:1      | Noticed a ghoul
    20 | D:1      | Noticed an ogre
    20 | D:1      | Noticed a formicid
    22 | D:1      | Noticed a human
    24 | D:1      | Noticed a demonspawn
    26 | D:1      | Noticed an octopode
    26 | D:1      | Noticed a dwarf
   260 | D:1      | Gained mutation: You have a pair of small horns on your head. [demonic ancestry]
   260 | D:1      | Reached XP level 2. HP: 17/24 MP: 2/2
   750 | D:2      | Reached skill level 3 in Unarmed Combat
  1016 | D:2      | Gained mutation: You are slightly more attuned to the shadows. [demonic ancestry]
  1016 | D:2      | Reached XP level 3. HP: 27/29 MP: 3/3
  1162 | D:2      | Found a bloodstained altar of Trog.
  1994 | D:3      | Found a white marble altar of Elyvilon.
  2014 | D:3      | Reached XP level 4. HP: 35/35 MP: 4/4
  2050 | D:3      | Found a snail-covered altar of Cheibriados.
  2540 | D:3      | Gained mutation: You are significantly more attuned to the shadows. [demonic ancestry]
  2540 | D:3      | Reached XP level 5. HP: 41/41 MP: 5/5
  2563 | D:3      | Noticed Robin
  2590 | D:3      | Killed Robin
  2590 | D:3      | Reached skill level 4 in Unarmed Combat
  3143 | D:4      | Noticed Sanvar's ghost (amateur HaHu)
  5316 | D:3      | HP: 2/41 [poisoned by Sanvar's ghost]
  5319 | D:3      | Succumbed to Sanvar's ghost's poison

Skill      XL: |  1  2  3  4  5 |
---------------+----------------+-----
Dodging        | 3 |  3.8
Stealth        | 2 3 |  3.0
Unarmed Combat | 3 4 |  4.4
Fighting       | |  3.4

Action                   |  1- 3 |  4- 6 || total
-------------------------+-------+-------++-------
Melee: Unarmed           |   129 |   217 ||   346
       Punch             |     4 |     3 ||     7
       Headbutt          |    16 |    30 ||    46
  Use: Scroll            |     6 |     5 ||    11
       Potion            |     1 |     8 ||     9
 Stab: Sleeping          |    10 |     7 ||    17
  Eat: Bread ration      |     1 |     1 ||     2
       Meat ration       |       |     1 ||     1
Armor: Robe              |    26 |    34 ||    60
Dodge: Dodged            |    92 |   120 ||   212
